 Dungeon Crawl Stone Soup version 0.23-a0-269-g65e0026 (webtiles) character file.

195 mhoghedin the Bolt Thrower (level 6, 0/48 HPs)
             Began as a Formicid Hunter on Sept 30, 2018.
             Was an Initiate of Gozag.
             Killed by nerve-wracking pain
             ... invoked by an orc priest
              (13 damage)
             ... on level 4 of the Dungeon.
             The game lasted 00:05:05 (3330 turns).

mhoghedin the Bolt Thrower (Formicid Hunter)        Turns: 3330, Time: 00:05:06

Health: 0/48       AC:  3    Str: 17    XL:     6   Next: 4%
Magic:  6/6        EV: 12    Int: 11    God:    Gozag
Gold:   460        SH:  0    Dex: 12    Spells: 5/5 levels left

rFire    + . .     SeeInvis +   s - +0 halberd
rCold    . . .     Gourm    .   (no shield)
rNeg     . . .     Faith    .   c - +0 leather armour
rPois    .         Spirit   .   (helmet unavailable)
rElec    .         Reflect  .   (no cloak)
rCorr    .         Harm     .   (no gloves)
MR       .....                  (no boots)
Stlth    ++........             (no amulet)
HPRegen  0.16/turn              d - ring of protection from fire {rF+, !d}
MPRegen  0.10/turn              (no ring)

@: no status effects
A: permanent stasis, dig shafts and tunnels, four strong arms, antennae 3
a: Dig, Shaft Self, Potion Petition, Call Merchant, Bribe Branch, Renounce
Religion


You were on level 4 of the Dungeon.
You worshipped Gozag.
Gozag was aware of your devotion.
You were not hungry.

You visited 1 branch of the dungeon, and saw 4 of its levels.

You collected 490 gold pieces.
You paid 30 gold pieces to Gozag.

Inventory:

Hand Weapons
 a - a +1 hand crossbow
 b - a +0 short sword
 s - a +0 halberd (weapon)
   (You took it off a gnoll on level 3 of the Dungeon)
Missiles
 n - 2 bolts
 q - 2 throwing nets {=f, !d}
Armour
 c - a +0 leather armour (worn)
Jewellery
 d - a ring of protection from fire (left hand) {rF+, !d}
   (You found it on level 3 of the Dungeon)
Scrolls
 e - 2 scrolls of blinking {unknown}
 g - 2 scrolls of identify {unknown}
 h - 2 scrolls of enchant armour {unknown}
 k - a scroll of noise {unknown}
 l - a scroll of fear {unknown}
 m - 2 scrolls of teleportation {unknown}
 o - a scroll of remove curse {unknown}
Potions
 i - a potion of haste {unknown}
 j - 2 potions of cancellation {unknown}
 p - a potion of brilliance {unknown}
 r - a potion of heal wounds {unknown}
Comestibles
 f - 5 rations


   Skills:
 + Level 4.0 Fighting
 - Level 1.4 Short Blades
 + Level 0.0 Polearms
 - Level 4.6 Crossbows
 - Level 2.7 Dodging
 - Level 3.0 Stealth


You had 5 spell levels left.
You didn't know any spells.
Your spell library was empty.

Dungeon Overview and Level Annotations

Branches:
Dungeon (4/15)
 Temple: D:4-7

Altars:
Gozag
Kikubaaqudgha


Innate Abilities, Weirdness & Mutations

You cannot be hasted, slowed, berserked, paralysed or teleported.
You can dig through walls and to a lower floor.
Your four strong arms can wield two-handed weapons with a shield.
You have a pair of large antennae on your head. (SInv)


Message History

You take 9 damage, and have 33/48 hp.
You hit the orc.
You kill the orc!
The orc hits you with a short sword. The orc hits you but does no damage.
You take 3 damage, and have 30/48 hp.
You barely miss the orc priest. The orc priest hits you. The orc misses you.
The orc hits you but does no damage.
You take 4 damage, and have 26/48 hp.
You hit the orc priest but do no damage.
The orc priest mumbles some strange prayers to Beogh against you.
Pain shoots through your body! The orc closely misses you.
The orc hits you with a short sword. The orc barely misses you.
The orc priest hits you but does no damage.
You take 7 damage, and have 19/48 hp.
Unknown command.
The orc priest misses you.
The orc jeers noisily.
The orc is distracted by the nearby gold.
The orc priest miscasts a cantrip.
There is a stone staircase leading up, spattered with blood here.
The orc hits you but does no damage.
You climb upwards.
There is a stone staircase leading down here.
You hit the orc but do no damage. The orc closely misses you.
You barely miss the orc. The orc hits you with a dagger.
You take 1 damage, and have 19/48 hp.
You hit the orc. The orc hits you but does no damage.
You hit the orc but do no damage. The orc barely misses you.
You completely miss the orc. The orc closely misses you.
You hit the orc. The orc closely misses you.
You barely miss the orc. The orc hits you with a dagger.
* * * LOW HITPOINT WARNING * * *
You hit the orc.
You kill the orc!
You now have 453 gold pieces (gained 8).
Things that are here:
a dagger; a chain mail You take 4 damage, and have 15/48 hp.
You start resting.
You are feeling hungry.
You regained 24 hp, and now have 39/48 hp.
Things that are here:
a dagger; a chain mail
There is a stone staircase leading down, spattered with blood here.
You eat one of the 6 rations.
That ration really hit the spot!
You climb downwards.
The orc misses you.
There is a stone staircase leading up, spattered with blood here.
The orc misses you.
You climb upwards.
There is a stone staircase leading down, spattered with blood here.
You hit the orc. The orc barely misses you.
You barely miss the orc. The orc barely misses you.
You hit the orc.
You kill the orc!
No target in view!
You now have 460 gold pieces (gained 7).
You see here a short sword.
There is a stone staircase leading down, spattered with blood here.
You see here a halberd.
s - a halberd
s - a +0 halberd (weapon)
Unknown command.
Unknown command.
Things that are here:
a chain mail; a dagger
There is a stone staircase leading down, spattered with blood here.
You see here a short sword.
There is a stone staircase leading down here.
Health restored: 48 You climb downwards.
There is a stone staircase leading up here.
g - 2 scrolls labeled ZIFULUWAXAO (gained 1)
You found a teleport trap!
The orc priest is too close now for your liking.
Unknown command.
The orc priest calls down the wrath of Beogh upon you.
Beogh smites you!
You take 8 damage, and have 40/48 hp.
Unknown command.
The orc shouts!
The orc priest invokes the aid of Beogh against you.
Beogh smites you!
You take 11 damage, and have 30/48 hp.
MASSIVE DAMAGE!!
You enter a teleport trap!
The teleport trap disappears.
Unknown command.
You closely miss the orc priest.
The orc priest invokes the aid of Beogh against you.
Beogh smites you!
The orc priest invokes the aid of Beogh against you.
Beogh smites you!
* * * LOW HITPOINT WARNING * * *
You take 18 damage, and have 13/48 hp.
MASSIVE DAMAGE!!
You hit the orc priest but do no damage.
The orc priest calls down the wrath of Beogh upon you.
Pain shoots through your body!
You die...
Your body crumbles into a pile of gold.

# ##.##.##.#.#
####.##.#.#####
..............# $
####.##o#####.###
#.##.# #.#.. #.##.#
#.#.# #!##.# #.#.#
#.##.#####.#.#
#@##.........#####
#.##.##......<....
#oo..##..###.#.#.#
####.....##....# $
########..##....#
{..................
#########.#######.#
#.# .# #.# #


You could see an orc priest and an orc.

Vanquished Creatures
  4 gnolls
  7 adders
  2 oozes
  2 worms (D:3)
  2 dart slugs
  3 leopard geckos
  6 orcs
  3 giant cockroaches
  5 goblins
  13 hobgoblins
  3 jackals (D:3)
  4 kobolds
  A quokka (D:4)
  2 ball pythons (D:2)
  6 bats
  5 rats
68 creatures vanquished.

Notes
Turn   | Place    | Note
-------+----------+-------------------------------------------
     0 | D:1      | mhoghedin the Formicid Hunter began the quest for the Orb.
     0 | D:1      | Reached XP level 1. HP: 16/16 MP: 1/1
   189 | D:1      | HP: 1/17 [hobgoblin/club (7)]
   196 | D:1      | Reached XP level 2. HP: 2/23 MP: 2/2
   197 | D:1      | Reached skill level 2 in Dodging
   198 | D:1      | HP: 2/23 [hobgoblin/club (1)]
   892 | D:2      | Found an ancient bone altar of Kikubaaqudgha.
   902 | D:2      | Reached skill level 2 in Stealth
   902 | D:2      | Reached XP level 3. HP: 28/28 MP: 3/3
  1010 | D:2      | Reached XP level 4. HP: 25/34 MP: 4/4
  1120 | D:2      | Found an opulent altar of Gozag.
  1161 | D:2      | Became a worshipper of Gozag Ym Sagoz the Greedy
  1209 | D:2      | Reached skill level 3 in Fighting
  1673 | D:3      | Reached XP level 5. HP: 41/41 MP: 5/5
  1676 | D:3      | Reached skill level 3 in Stealth
  2178 | D:3      | HP: 10/41 [adder (2)]
  2180 | D:3      | HP: 4/41 [adder (2)]
  2645 | D:3      | Reached skill level 1 in Short Blades
  2986 | D:4      | Reached skill level 4 in Fighting
  2986 | D:4      | Reached XP level 6. HP: 38/48 MP: 6/6
  3330 | D:4      | Killed from afar by an orc priest

Vault maps used:
D:1:      dpeg_arrival_simpleton_c
D:2:      lemuel_doored_altar, first_ration,
          nicolae_gozag_cash_rules_everything_around_me
D:4:      uniq_robin, uniq_blork_the_orc

Skill      XL: |  1  2  3  4  5 |
---------------+----------------+-----
Dodging        | 2 |  2.7
Stealth        | 2 3 |  3.0
Fighting       | 3 4 |  4.0
Short Blades   | 1 |  1.4
Crossbows      | |  4.6

Action                   |  1- 3 |  4- 6 || total
-------------------------+-------+-------++-------
Melee: Short sword       |       |   134 ||   134
       Halberd           |       |     2 ||     2
 Fire: Hand crossbow     |    51 |    53 ||   104
  Use: Potion            |       |     1 ||     1
 Stab: Sleeping          |       |     2 ||     2
  Eat: Ration            |       |     3 ||     3
Armor: Leather armour    |     3 |    26 ||    29
Dodge: Dodged            |    14 |   107 ||   121

Table legend:
 A = Non-vault XP
 B = Vault XP
 C = Vault XP percentage of total XP
 D = Non-vault monster count
 E = Vault monster count
 F = Vault count percentage of total count
                 A         B        C        D         E       F
            +---------+---------+-------+---------+---------+-------
      Total |     279 |       0 |   0.0 |      68 |       0 |   0.0
            +---------+---------+-------+---------+---------+-------
        D:1 |      20 |       0 |   0.0 |      11 |       0 |   0.0
        D:2 |      88 |       0 |   0.0 |      19 |       0 |   0.0
        D:3 |     149 |       0 |   0.0 |      34 |       0 |   0.0
        D:4 |      22 |       0 |   0.0 |       4 |       0 |   0.0
            +---------+---------+-------+---------+---------+-------

Vault maps used:
D:1:      dpeg_arrival_simpleton_c
D:2:      lemuel_doored_altar, first_ration,
          nicolae_gozag_cash_rules_everything_around_me
D:4:      uniq_robin, uniq_blork_the_orc

Table legend:
 A = Turns spent in this place as a percentage of turns spent in the entire game.
 B = Non-inter-level travel turns spent in this place as a percentage of non-inter-level travel turns spent in the entire game.
 C = Inter-level travel turns spent in this place as a percentage of turns spent in this place.
 D = Turns resting spent in this place as a percentage of non-inter-level travel turns spent in this place.
 E = Turns spent auto-exploring this place as a percentage of non-inter-level travel turns spent in this place.
 F = Non-inter-level travel turns spent in this place divided by the number of levels of this place that you've seen.
                   A       B       C       D       E      F
               +-------+-------+-------+-------+-------+----------------------
         Total | 100.0 | 100.0 |   3.7 |  32.5 |  47.7 | 801.5
       Dungeon | 100.0 | 100.0 |   3.7 |  32.5 |  47.7 | 801.5
               +-------+-------+-------+-------+-------+----------------------

Table legend:
 A = Kills in this place as a percentage of kills in entire the game.
 B = Kills by you in this place as a percentage of kills by you in the entire game.
 C = Kills by friends in this place as a percentage of kills by friends in the entire game.
 D = Other kills in this place as a percentage of other kills in the entire game.
 E = Experience gained in this place as a percentage of experience gained in the entire game.
 F = Experience gained in this place divided by the number of levels of this place that you have seen.
                   A       B       C       D       E      F
               +-------+-------+-------+-------+-------+----------------------
         Total | 100.0 | 100.0 |   N/A |   N/A | 100.0 |  69.8
       Dungeon | 100.0 | 100.0 |   N/A |   N/A | 100.0 |  69.8
               +-------+-------+-------+-------+-------+----------------------
